Toronto Maple Leafs vs Vancouver Canucks
Created - Monday, October 23, 2023 at 07:38
Goals
|
| Toronto Maple Leafs |
2 |
1 |
0 |
0 |
3 |
| Vancouver Canucks |
0 |
2 |
1 |
1 |
4 |
|
Shots
|
| Toronto Maple Leafs |
7 |
19 |
8 |
3 |
37 |
| Vancouver Canucks |
5 |
16 |
7 |
1 |
29 |
|
1st period
1. Toronto Maple Leafs , Scott Laughton 12 (Trevor Zegras 19, Cody Ceci 12) at 11:30 (PP)
2. Toronto Maple Leafs , Nino Niederreiter 8 (Andrew Mangiapane 16, Ryan Pulock 16) at 19:22
Penalties :
Robby Fabbri (VAN) for Tripping (Minor) at 4:01, Mikko Rantanen (VAN) for Roughing (Double Minor) at 10:13, Miro Heiskanen (VAN) for Holding (Minor) at 14:01
2nd period
3. Vancouver Canucks , Sam Lafferty 6 (Jacob Bryson 3, Adam Boqvist 9) at 13:05
4. Toronto Maple Leafs , Brady Tkachuk 31 (Sam Bennett 26) at 13:47 (PP)
5. Vancouver Canucks , Artturi Lehkonen 20 (Robby Fabbri 14) at 14:30
Penalties :
Mikko Rantanen (VAN) for High sticking (Minor) at 0:48, Anton Lundell (VAN) for Fighting (Major) at 7:26, Brady Tkachuk (TOR) for Fighting (Major) at 7:26, Olli Maatta (VAN) for Elbowing (Minor) at 13:46
3rd period
6. Vancouver Canucks , Anton Lundell 10 (Mikko Rantanen 27, Miro Heiskanen 25) at 19:27
Penalties :
Trevor Zegras (TOR) for Hooking (Minor) at 9:13, Noah Hanifin (VAN) for Boarding (Minor) at 12:27, Robby Fabbri (VAN) for Roughing (Minor) at 14:53
Overtime #1
7. Vancouver Canucks , Mikko Rantanen 24 (Clayton Keller 19, Miro Heiskanen 26) at 1:56
Penalties :
No Penalty
Goalie Stats
Frederik Andersen (TOR), 25 saves from 29 shots - (0.862), OTL, 20-9-6, 61:56 minutes
Joonas Korpisalo (VAN), 34 saves from 37 shots - (0.919), W, 20-9-3, 61:43 minutes
Players Stats for Toronto Maple Leafs
Player Name G A P +/- PIM S H SB GA TA FO MP PP MP PK MP
------------------------------------------------------------------------------------
Aaron Ekblad 0 0 0 -2 0 2 3 2 2 0 0/0 27:38 7:09 0:47
Andrew Mangiapane 0 1 1 0 0 5 0 0 1 1 0/2 12:20 0:21 0:00
Bowen Byram 0 0 0 0 0 1 1 0 0 0 0/0 18:08 7:09 0:03
Brady Tkachuk 1 0 1 -1 5 6 1 0 1 0 0/0 20:11 6:45 0:24
Brandon Saad 0 0 0 -1 0 3 4 0 1 1 1/1 21:14 6:10 0:00
Cody Ceci 0 1 1 -2 0 0 1 2 1 2 0/0 26:26 6:03 0:44
Kyle Okposo 0 0 0 0 0 1 1 1 0 0 0/0 9:37 0:00 0:23
Luke Schenn 0 0 0 0 0 0 4 0 0 0 0/0 11:08 0:00 1:12
Mario Ferraro 0 0 0 -1 0 0 0 1 0 0 0/0 17:44 0:00 1:12
Nick Bjugstad 0 0 0 0 0 1 2 0 0 0 3/6 9:37 0:17 1:12
Nicolas Roy 0 0 0 -1 0 4 0 1 0 1 2/6 12:07 0:17 1:12
Nino Niederreiter 1 0 1 1 0 3 1 1 1 0 0/0 8:00 0:00 0:24
Ryan Pulock 0 1 1 -1 0 1 1 2 0 1 0/0 22:48 6:03 0:00
Sam Bennett 0 1 1 -1 0 2 1 1 0 0 16/39 21:37 6:41 0:00
Scott Laughton 1 0 1 -3 0 4 3 0 1 0 8/13 20:50 6:10 0:23
Trevor Zegras 0 1 1 -1 2 1 3 0 1 0 0/0 18:38 6:10 0:00
Troy Terry 0 0 0 -2 0 3 0 0 1 0 1/4 20:25 6:45 0:00
Warren Foegele 0 0 0 1 0 0 0 0 0 0 0/0 7:15 0:00 0:00
Players Stats for Vancouver Canucks
Player Name G A P +/- PIM S H SB GA TA FO MP PP MP PK MP
------------------------------------------------------------------------------------
Adam Boqvist 0 1 1 -1 0 1 0 1 0 0 0/0 19:50 0:00 2:14
Aleksander Barkov 0 0 0 0 0 2 1 0 1 0 23/32 14:57 0:00 0:00
Anton Lundell 1 0 1 2 5 2 0 0 0 0 0/1 12:21 0:46 4:12
Artturi Lehkonen 1 0 1 1 0 3 2 0 0 0 1/3 14:15 0:46 0:00
Casey Mittelstadt 0 0 0 -1 0 3 0 0 0 0 1/2 16:23 0:46 5:12
Clayton Keller 0 1 1 2 0 3 0 0 0 3 1/3 18:54 1:13 0:24
Jacob Bryson 0 1 1 2 0 0 0 0 0 1 0/0 10:30 0:00 0:00
Jake Bean 0 0 0 0 0 0 0 0 0 0 0/0 21:03 1:25 5:40
Jesperi Kotkaniemi 0 0 0 -1 0 2 1 1 1 0 2/6 11:24 1:13 0:41
Kasperi Kapanen 0 0 0 1 0 1 0 1 0 0 1/1 12:29 0:00 0:00
Mikko Rantanen 1 1 2 2 6 5 3 0 2 1 0/1 20:37 1:13 1:34
Miro Heiskanen 0 2 2 1 2 1 3 4 0 2 0/0 28:49 1:25 4:44
Noah Cates 0 0 0 1 0 2 1 3 0 0 2/4 12:47 0:00 7:05
Noah Hanifin 0 0 0 2 2 2 2 3 0 2 0/0 24:23 0:34 6:15
Olli Maatta 0 0 0 2 2 0 0 1 0 1 0/0 19:51 0:34 7:31
Robby Fabbri 0 1 1 1 4 0 1 1 1 0 5/10 13:07 0:00 0:00
Sam Lafferty 1 0 1 1 0 1 0 0 1 0 4/8 13:21 0:00 7:16
Taylor Raddysh 0 0 0 -1 0 1 0 0 0 0 0/0 9:23 0:00 0:00
3 Stars
1 - Artturi Lehkonen (VAN)
2 - Miro Heiskanen (VAN)
3 - Sam Lafferty (VAN)
Power Play
Toronto Maple Leafs - 2 on 8 Attempt(s) - 25.00%
Vancouver Canucks - 0 on 1 Attempt(s) - 0.00%
Penalty Kill
Toronto Maple Leafs - 1 on 1 Attempt(s) - 100.00%
- Score 0 goal in Penalty Kill
Vancouver Canucks - 6 on 8 Attempt(s) - 75.00%
- Score 0 goal in Penalty Kill
Team Stat
Toronto Maple Leafs - Hits : 26 - Faceoff Wins : 31 - Blocked Shots : 11 - Penalty Minutes : 7
Vancouver Canucks - Hits : 14 - Faceoff Wins : 40 - Blocked Shots : 15 - Penalty Minutes : 21
Official
Referees : Eric Furlatt and Dave Lewis
Linesman : Don Henderson and Ryan Gibbons
Game Notes
Anton Lundell and Brady Tkachuk fight to a draw at 7:26 of 2nd period
Finance
Level 1 -- Attendance: 4645 (77.42%) -- Ticket Income $459,855
Level 2 -- Attendance: 3798 (75.96%) -- Ticket Income $224,082
Level 3 -- Attendance: 2999 (99.97%) -- Ticket Income $101,966
Level 4 -- Attendance: 3614 (72.28%) -- Ticket Income $86,736
Luxury Box -- Attendance: 833 (83.30%) -- Ticket Income $165,767
Game was played at the Rogers Arena.
Total Attendance: 15889 (79.45%)
Total Ticket Income: $1,038,406
Other Income: $363,442
Total Income: $1,401,848
Toronto Maple Leafs
5 vs 5 Forward
Center Left Wing Right Wing Time % Phy DF OF
1 Sam Bennett Brady Tkachuk Brandon Saad 40 1 2 2
2 Scott Laughton Trevor Zegras Troy Terry 30 1 2 2
3 Nicolas Roy Andrew Mangiapane Kyle Okposo 20 1 2 2
4 Nick Bjugstad Warren Foegele Nino Niederreiter 10 1 2 2
5 vs 5 Defense
Defense Defense Time % Phy DF OF
1 Aaron Ekblad Cody Ceci 40 1 2 2
2 Mario Ferraro Ryan Pulock 30 1 2 2
3 Bowen Byram Luke Schenn 20 1 2 2
4 Mario Ferraro Ryan Pulock 10 1 2 2
PowerPlay Forward
Center Left Wing Right Wing Time % Phy DF OF
1 Sam Bennett Brady Tkachuk Troy Terry 60 1 2 2
2 Scott Laughton Trevor Zegras Brandon Saad 40 1 2 2
PowerPlay Defense
Defense Defense Time % Phy DF OF
1 Aaron Ekblad Bowen Byram 60 1 2 2
2 Cody Ceci Ryan Pulock 40 1 2 2
Penalty Kill 4 Players Forward
Center Wing Time % Phy DF OF
1 Nick Bjugstad Nicolas Roy 60 1 2 2
2 Scott Laughton Kyle Okposo 40 1 2 2
Penalty Kill 4 Players Defense
Defense Defense Time % Phy DF OF
1 Aaron Ekblad Cody Ceci 60 1 2 2
2 Mario Ferraro Luke Schenn 40 1 2 2
Penalty Kill - 3 Players Forward
Forward Time % Phy DF OF
1 Nick Bjugstad 60 1 2 2
2 Scott Laughton 40 1 2 2
Penalty Kill - 3 Players Defense
Defense Defense Time % Phy DF OF
1 Aaron Ekblad Cody Ceci 60 1 2 2
2 Mario Ferraro Luke Schenn 40 1 2 2
4 vs 4 Forward
Center Wing Time % Phy DF OF
1 Scott Laughton Troy Terry 60 1 2 2
2 Nicolas Roy Trevor Zegras 40 1 2 2
4 vs 4 Defense
Defense Defense Time % Phy DF OF
1 Mario Ferraro Ryan Pulock 60 1 2 2
2 Aaron Ekblad Cody Ceci 40 1 2 2
Last Minutes Offensive
Center Left Wing Right Wing Defense Defense
Sam Bennett Brady Tkachuk Troy Terry Aaron Ekblad Bowen Byram
Last Minutes Defensive
Center Left Wing Right Wing Defense Defense
Nick Bjugstad Scott Laughton Nicolas Roy Aaron Ekblad Cody Ceci
Goaltenders
Starting : Frederik Andersen
Backup : Cam Talbot
Extra Forwards
Normal : Andrew Mangiapane, Nicolas Roy, Nino Niederreiter - PP : Andrew Mangiapane, Nicolas Roy - PK : Nino Niederreiter
Extra Defensemen
Normal : Mario Ferraro, Luke Schenn, Bowen Byram - PP : Mario Ferraro - PK : Luke Schenn, Bowen Byram
Penalty Shots
Trevor Zegras, Kyle Okposo, Nick Bjugstad, Nicolas Roy, Troy Terry
Vancouver Canucks
5 vs 5 Forward
Center Left Wing Right Wing Time % Phy DF OF
1 Aleksander Barkov Clayton Keller Mikko Rantanen 40 1 2 2
2 Robby Fabbri Artturi Lehkonen Kasperi Kapanen 30 1 2 2
3 Jesperi Kotkaniemi Casey Mittelstadt Taylor Raddysh 20 1 2 2
4 Noah Cates Anton Lundell Sam Lafferty 10 1 2 2
5 vs 5 Defense
Defense Defense Time % Phy DF OF
1 Adam Boqvist Miro Heiskanen 40 1 2 2
2 Jake Bean Noah Hanifin 30 1 2 2
3 Jacob Bryson Olli Maatta 20 1 2 2
4 Noah Hanifin Miro Heiskanen 10 1 2 2
PowerPlay Forward
Center Left Wing Right Wing Time % Phy DF OF
1 Jesperi Kotkaniemi Clayton Keller Mikko Rantanen 60 0 1 4
2 Casey Mittelstadt Anton Lundell Artturi Lehkonen 40 0 1 4
PowerPlay Defense
Defense Defense Time % Phy DF OF
1 Miro Heiskanen Jake Bean 60 0 1 4
2 Noah Hanifin Olli Maatta 40 0 1 4
Penalty Kill 4 Players Forward
Center Wing Time % Phy DF OF
1 Sam Lafferty Noah Cates 60 1 3 1
2 Casey Mittelstadt Anton Lundell 40 1 3 1
Penalty Kill 4 Players Defense
Defense Defense Time % Phy DF OF
1 Noah Hanifin Olli Maatta 60 1 3 1
2 Miro Heiskanen Jake Bean 40 1 3 1
Penalty Kill - 3 Players Forward
Forward Time % Phy DF OF
1 Noah Cates 60 1 3 1
2 Sam Lafferty 40 1 3 1
Penalty Kill - 3 Players Defense
Defense Defense Time % Phy DF OF
1 Noah Hanifin Olli Maatta 60 1 3 1
2 Miro Heiskanen Jake Bean 40 1 3 1
4 vs 4 Forward
Center Wing Time % Phy DF OF
1 Clayton Keller Mikko Rantanen 60 1 2 2
2 Anton Lundell Artturi Lehkonen 40 1 2 2
4 vs 4 Defense
Defense Defense Time % Phy DF OF
1 Miro Heiskanen Noah Hanifin 60 1 2 2
2 Olli Maatta Jake Bean 40 1 2 2
Last Minutes Offensive
Center Left Wing Right Wing Defense Defense
Anton Lundell Clayton Keller Mikko Rantanen Miro Heiskanen Noah Hanifin
Last Minutes Defensive
Center Left Wing Right Wing Defense Defense
Sam Lafferty Noah Cates Artturi Lehkonen Noah Hanifin Olli Maatta
Goaltenders
Starting : Joonas Korpisalo
Backup : Ville Husso
Extra Forwards
Normal : Mikko Rantanen, Anton Lundell, Artturi Lehkonen - PP : Clayton Keller, Kasperi Kapanen - PK : Mikko Rantanen
Extra Defensemen
Normal : Miro Heiskanen, Noah Hanifin, Olli Maatta - PP : Jake Bean - PK : Noah Hanifin, Adam Boqvist
Penalty Shots
Miro Heiskanen, Anton Lundell, Jesperi Kotkaniemi, Artturi Lehkonen, Mikko Rantanen
% Time on Ice - Toronto Maple Leafs
Lines # - Real PCT - Wanted PCT - Time Play
Normal Forward
1 - 35% - 40% - 15:20
2 - 28% - 30% - 12:25
3 - 21% - 20% - 9:14
4 - 16% - 10% - 7:15
Normal Defense
1 - 43% - 40% - 19:13
2 - 31% - 30% - 13:31
3 - 21% - 20% - 9:18
4 - 5% - 10% - 2:12
PP Forward
1 - 53% - 60% - 7:02
2 - 47% - 40% - 6:10
PP Defense
1 - 54% - 60% - 7:09
2 - 46% - 40% - 6:03
PK Forward
1 - 81% - 60% - 1:36
2 - 19% - 40% - 0:23
PK Defense
1 - 39% - 60% - 0:47
2 - 61% - 40% - 1:12
PK3 Forward
1 - 0% - 60%
2 - 0% - 40%
PK3 Defense
1 - 0% - 60%
2 - 0% - 40%
44 Forward
1 - 97% - 60% - 1:52
2 - 3% - 40% - 0:04
44 Defense
1 - 64% - 60% - 1:14
2 - 36% - 40% - 0:42
Last Minute Offensive - 0:00
Last Minute Defensive - 0:35
Total
Forward - 61:56
Defense - 61:56
|
% Time on Ice - Vancouver Canucks
Lines # - Real PCT - Wanted PCT - Time Play
Normal Forward
1 - 36% - 40% - 16:01
2 - 30% - 30% - 13:07
3 - 21% - 20% - 9:23
4 - 13% - 10% - 5:40
Normal Defense
1 - 42% - 40% - 18:41
2 - 30% - 30% - 13:11
3 - 22% - 20% - 9:49
4 - 6% - 10% - 2:30
PP Forward
1 - 61% - 60% - 1:13
2 - 39% - 40% - 0:46
PP Defense
1 - 71% - 60% - 1:25
2 - 29% - 40% - 0:34
PK Forward
1 - 70% - 60% - 9:16
2 - 30% - 40% - 3:56
PK Defense
1 - 57% - 60% - 7:32
2 - 43% - 40% - 5:40
PK3 Forward
1 - 0% - 60%
2 - 0% - 40%
PK3 Defense
1 - 0% - 60%
2 - 0% - 40%
44 Forward
1 - 100% - 60% - 1:56
2 - 0% - 40% - 0:00
44 Defense
1 - 65% - 60% - 1:15
2 - 35% - 40% - 0:41
Last Minute Offensive - 0:38
Last Minute Defensive - 0:00
Total
Forward - 61:56
Defense - 61:56
|
Play-by-Play
1st period
0:01 of 1st period - Sam Bennett wins face-off versus Aleksander Barkov in neutral zone.
0:51 of 1st period - Snap shot by Casey Mittelstadt.
0:51 of 1st period - Stopped by Frederik Andersen with a rebound.
1:09 of 1st period - Snap shot by Nino Niederreiter.
1:09 of 1st period - Shot Hit the Post.
1:11 of 1st period - Slapshot by Luke Schenn.
1:11 of 1st period - Deflect By Nick Bjugstad.
1:11 of 1st period - Stopped by Joonas Korpisalo without a rebound.
1:12 of 1st period - Nick Bjugstad wins face-off versus Aleksander Barkov in Vancouver Canucks zone.
1:16 of 1st period - Icing by Clayton Keller.
1:17 of 1st period - Sam Bennett wins face-off versus Aleksander Barkov in Vancouver Canucks zone.
1:20 of 1st period - Wrist shot by Sam Bennett.
1:20 of 1st period - Shot Misses the Net.
1:22 of 1st period - Snap shot by Ryan Pulock.
1:22 of 1st period - Deflect By Brady Tkachuk.
1:22 of 1st period - Shot Blocked by Noah Hanifin.
1:22 of 1st period - Puck is out of play.
1:23 of 1st period - Noah Cates wins face-off versus Sam Bennett in Vancouver Canucks zone.
1:36 of 1st period - Snap shot by Sam Bennett.
1:36 of 1st period - Shot Blocked by Adam Boqvist.
1:38 of 1st period - Wrist shot by Mario Ferraro.
1:38 of 1st period - Shot Misses the Net.
1:52 of 1st period - Scott Laughton is hit by Miro Heiskanen and loses puck.
2:25 of 1st period - Luke Schenn is hit by Robby Fabbri.
2:41 of 1st period - Brady Tkachuk is hit by Noah Hanifin.
3:07 of 1st period - Snap shot by Taylor Raddysh.
3:07 of 1st period - Shot Misses the Net.
3:39 of 1st period - Icing by Clayton Keller.
3:40 of 1st period - Aleksander Barkov wins face-off versus Sam Bennett in Vancouver Canucks zone.
4:01 of 1st period - Minor Penalty to Robby Fabbri for Tripping.
4:02 of 1st period - Sam Lafferty wins face-off versus Sam Bennett in Vancouver Canucks zone.
4:44 of 1st period - Snap shot by Trevor Zegras.
4:44 of 1st period - Deflect By Brandon Saad.
4:44 of 1st period - Stopped by Joonas Korpisalo with a rebound.
4:48 of 1st period - Wrist shot by Brandon Saad.
4:48 of 1st period - Shot Misses the Net.
4:50 of 1st period - Snap shot by Bowen Byram.
4:50 of 1st period - Shot Misses the Net.
4:52 of 1st period - Wrist shot by Scott Laughton.
4:52 of 1st period - Stopped by Joonas Korpisalo with a rebound.
6:01 of 1st period - Penalty to Robby Fabbri is over, Robby Fabbri is back on ice.
6:32 of 1st period - Snap shot by Robby Fabbri.
6:32 of 1st period - Shot Misses the Net.
6:46 of 1st period - Snap shot by Robby Fabbri.
6:46 of 1st period - Shot Blocked by Ryan Pulock.
7:02 of 1st period - Olli Maatta is hit by Nick Bjugstad.
8:05 of 1st period - Snap shot by Clayton Keller.
8:05 of 1st period - Stopped by Frederik Andersen with a rebound.
8:47 of 1st period - Aaron Ekblad is hit by Artturi Lehkonen and loses puck.
9:06 of 1st period - Snap shot by Troy Terry.
9:06 of 1st period - Shot Misses the Net.
10:13 of 1st period - Double Minor Penalty to Mikko Rantanen for Roughing.
10:14 of 1st period - Sam Lafferty wins face-off versus Troy Terry in Vancouver Canucks zone.
10:58 of 1st period - Slapshot by Miro Heiskanen.
10:58 of 1st period - Shot Misses the Net.
11:00 of 1st period - Slapshot by Miro Heiskanen.
11:00 of 1st period - Stopped by Frederik Andersen with a rebound.
11:06 of 1st period - Miro Heiskanen is hit by Brandon Saad and loses puck.
11:16 of 1st period - Slapshot by Ryan Pulock.
11:16 of 1st period - Shot Misses the Net.
11:28 of 1st period - Wrist shot by Trevor Zegras.
11:28 of 1st period - Shot Blocked by Noah Cates.
11:30 of 1st period - Snap shot by Scott Laughton.
11:30 of 1st period - Goal by Scott Laughton - Toronto Maple Leafs : 1 - Vancouver Canucks : 0.
11:31 of 1st period - Sam Bennett wins face-off versus Casey Mittelstadt in neutral zone.
12:22 of 1st period - Jake Bean is hit by Sam Bennett.
13:30 of 1st period - Penalty to Mikko Rantanen is over, Mikko Rantanen is back on ice.
13:40 of 1st period - Slapshot by Robby Fabbri.
13:40 of 1st period - Shot Misses the Net.
13:42 of 1st period - Snap shot by Artturi Lehkonen.
13:42 of 1st period - Shot Misses the Net.
13:44 of 1st period - Backhand shot by Artturi Lehkonen.
13:44 of 1st period - Stopped by Frederik Andersen without a rebound.
13:45 of 1st period - Aleksander Barkov wins face-off versus Nicolas Roy in Toronto Maple Leafs zone.
13:48 of 1st period - Snap shot by Aleksander Barkov.
13:48 of 1st period - Deflect By Mikko Rantanen.
13:48 of 1st period - Stopped by Frederik Andersen without a rebound.
13:49 of 1st period - Nicolas Roy wins face-off versus Aleksander Barkov in Toronto Maple Leafs zone.
14:01 of 1st period - Minor Penalty to Miro Heiskanen for Holding.
14:02 of 1st period - Sam Bennett wins face-off versus Sam Lafferty in Vancouver Canucks zone.
14:28 of 1st period - Brandon Saad is hit by Noah Hanifin.
14:32 of 1st period - Noah Hanifin is hit by Cody Ceci and loses puck.
16:01 of 1st period - Penalty to Miro Heiskanen is over, Miro Heiskanen is back on ice.
16:13 of 1st period - Casey Mittelstadt is hit by Ryan Pulock and loses puck.
16:37 of 1st period - Snap shot by Andrew Mangiapane.
16:37 of 1st period - Deflect By Nicolas Roy.
16:37 of 1st period - Stopped by Joonas Korpisalo without a rebound.
16:38 of 1st period - Robby Fabbri wins face-off versus Nicolas Roy in Vancouver Canucks zone.
16:38 of 1st period - Robby Fabbri is hit by Luke Schenn.
16:44 of 1st period - Wrist shot by Andrew Mangiapane.
16:44 of 1st period - Deflect By Nicolas Roy.
16:44 of 1st period - Shot Misses the Net.
16:44 of 1st period - Puck is out of play.
16:45 of 1st period - Aleksander Barkov wins face-off versus Sam Bennett in Vancouver Canucks zone.
17:20 of 1st period - Miro Heiskanen is hit by Luke Schenn and loses puck.
18:24 of 1st period - Cody Ceci is hit by Noah Cates and loses puck.
19:20 of 1st period - Snap shot by Nino Niederreiter.
19:20 of 1st period - Stopped by Joonas Korpisalo with a rebound.
19:22 of 1st period - Snap shot by Nino Niederreiter.
19:22 of 1st period - Goal by Nino Niederreiter - Toronto Maple Leafs : 2 - Vancouver Canucks : 0.
19:23 of 1st period - Brandon Saad wins face-off versus Mikko Rantanen in neutral zone.
19:32 of 1st period - Snap shot by Mikko Rantanen.
19:32 of 1st period - Deflect By Brady Tkachuk.
19:32 of 1st period - Shot Hit the Post.
19:32 of 1st period - Puck is out of play.
19:33 of 1st period - Aleksander Barkov wins face-off versus Sam Bennett in Toronto Maple Leafs zone.
19:36 of 1st period - Wrist shot by Clayton Keller.
19:36 of 1st period - Deflect By Brady Tkachuk.
19:36 of 1st period - Shot Misses the Net.
19:36 of 1st period - Puck is out of play.
19:37 of 1st period - Aleksander Barkov wins face-off versus Sam Bennett in Toronto Maple Leafs zone.
19:40 of 1st period - Snap shot by Clayton Keller.
19:40 of 1st period - Shot Misses the Net.
Goals for this period are 2 for Toronto Maple Leafs vs 0 for Vancouver Canucks.
Shots for this period are 7 for Toronto Maple Leafs vs 5 for Vancouver Canucks.
2nd period
0:01 of 2nd period - Aleksander Barkov wins face-off versus Sam Bennett in neutral zone.
0:30 of 2nd period - Wrist shot by Kasperi Kapanen.
0:30 of 2nd period - Stopped by Frederik Andersen with a rebound.
0:32 of 2nd period - Backhand shot by Noah Hanifin.
0:32 of 2nd period - Stopped by Frederik Andersen without a rebound.
0:33 of 2nd period - Robby Fabbri wins face-off versus Scott Laughton in Toronto Maple Leafs zone.
0:45 of 2nd period - Wrist shot by Trevor Zegras.
0:45 of 2nd period - Stopped by Joonas Korpisalo without a rebound.
0:46 of 2nd period - Aleksander Barkov wins face-off versus Sam Bennett in Vancouver Canucks zone.
0:48 of 2nd period - Minor Penalty to Mikko Rantanen for High sticking.
0:49 of 2nd period - Troy Terry wins face-off versus Sam Lafferty in Vancouver Canucks zone.
1:26 of 2nd period - Snap shot by Aaron Ekblad.
1:26 of 2nd period - Stopped by Joonas Korpisalo without a rebound.
1:27 of 2nd period - Casey Mittelstadt wins face-off versus Troy Terry in Vancouver Canucks zone.
1:40 of 2nd period - Backhand shot by Troy Terry.
1:40 of 2nd period - Stopped by Joonas Korpisalo without a rebound.
1:41 of 2nd period - Sam Bennett wins face-off versus Noah Cates in Vancouver Canucks zone.
1:56 of 2nd period - Slapshot by Aaron Ekblad.
1:56 of 2nd period - Shot Blocked by Olli Maatta.
1:58 of 2nd period - Snap shot by Sam Bennett.
1:58 of 2nd period - Shot Misses the Net.
2:12 of 2nd period - Noah Cates is hit by Brandon Saad and loses puck.
2:48 of 2nd period - Penalty to Mikko Rantanen is over, Mikko Rantanen is back on ice.
2:57 of 2nd period - Slapshot by Andrew Mangiapane.
2:57 of 2nd period - Stopped by Joonas Korpisalo without a rebound.
2:58 of 2nd period - Aleksander Barkov wins face-off versus Nicolas Roy in Vancouver Canucks zone.
3:00 of 2nd period - Icing by Clayton Keller.
3:01 of 2nd period - Sam Bennett wins face-off versus Aleksander Barkov in Vancouver Canucks zone.
3:02 of 2nd period - Snap shot by Brady Tkachuk.
3:02 of 2nd period - Stopped by Joonas Korpisalo without a rebound.
3:03 of 2nd period - Aleksander Barkov wins face-off versus Sam Bennett in Vancouver Canucks zone.
3:08 of 2nd period - Slapshot by Miro Heiskanen.
3:08 of 2nd period - Deflect By Mikko Rantanen.
3:08 of 2nd period - Stopped by Frederik Andersen with a rebound.
3:10 of 2nd period - Snap shot by Mikko Rantanen.
3:10 of 2nd period - Shot Misses the Net.
3:35 of 2nd period - Robby Fabbri is hit by Trevor Zegras and loses puck.
3:40 of 2nd period - Snap shot by Troy Terry.
3:40 of 2nd period - Stopped by Joonas Korpisalo with a rebound.
3:55 of 2nd period - Off-side.
3:56 of 2nd period - Sam Bennett wins face-off versus Jesperi Kotkaniemi in neutral zone.
4:23 of 2nd period - Wrist shot by Andrew Mangiapane.
4:23 of 2nd period - Stopped by Joonas Korpisalo without a rebound.
4:24 of 2nd period - Aleksander Barkov wins face-off versus Nicolas Roy in Vancouver Canucks zone.
4:31 of 2nd period - Snap shot by Nicolas Roy.
4:31 of 2nd period - Stopped by Joonas Korpisalo without a rebound.
4:32 of 2nd period - Sam Bennett wins face-off versus Aleksander Barkov in Vancouver Canucks zone.
4:41 of 2nd period - Snap shot by Brady Tkachuk.
4:41 of 2nd period - Stopped by Joonas Korpisalo with a rebound.
4:43 of 2nd period - Snap shot by Sam Bennett.
4:43 of 2nd period - Stopped by Joonas Korpisalo without a rebound.
4:44 of 2nd period - Aleksander Barkov wins face-off versus Sam Bennett in Vancouver Canucks zone.
5:40 of 2nd period - Backhand shot by Andrew Mangiapane.
5:40 of 2nd period - Stopped by Joonas Korpisalo with a rebound.
5:42 of 2nd period - Slapshot by Aaron Ekblad.
5:42 of 2nd period - Stopped by Joonas Korpisalo without a rebound.
5:43 of 2nd period - Aleksander Barkov wins face-off versus Sam Bennett in Vancouver Canucks zone.
5:54 of 2nd period - Snap shot by Aleksander Barkov.
5:54 of 2nd period - Shot Misses the Net.
5:56 of 2nd period - Snap shot by Aleksander Barkov.
5:56 of 2nd period - Shot Misses the Net.
5:58 of 2nd period - Wrist shot by Clayton Keller.
5:58 of 2nd period - Deflect By Brady Tkachuk.
5:58 of 2nd period - Shot Misses the Net.
5:58 of 2nd period - Puck is out of play.
5:59 of 2nd period - Scott Laughton wins face-off versus Robby Fabbri in Toronto Maple Leafs zone.
6:48 of 2nd period - Slapshot by Miro Heiskanen.
6:48 of 2nd period - Shot Blocked by Cody Ceci.
6:59 of 2nd period - Snap shot by Jesperi Kotkaniemi.
6:59 of 2nd period - Stopped by Frederik Andersen with a rebound.
7:17 of 2nd period - Wrist shot by Noah Cates.
7:17 of 2nd period - Stopped by Frederik Andersen without a rebound.
7:18 of 2nd period - Noah Cates wins face-off versus Sam Bennett in Toronto Maple Leafs zone.
7:19 of 2nd period - Wrist shot by Anton Lundell.
7:19 of 2nd period - Shot Misses the Net.
7:21 of 2nd period - Slapshot by Noah Hanifin.
7:21 of 2nd period - Stopped by Frederik Andersen with a rebound.
7:26 of 2nd period - Anton Lundell and Brady Tkachuk fight to a draw.
7:26 of 2nd period - Penalty to Anton Lundell for Fighting.
7:26 of 2nd period - Penalty to Brady Tkachuk for Fighting.
7:27 of 2nd period - Sam Bennett wins face-off versus Aleksander Barkov in Toronto Maple Leafs zone.
8:08 of 2nd period - Snap shot by Andrew Mangiapane.
8:08 of 2nd period - Stopped by Joonas Korpisalo without a rebound.
8:09 of 2nd period - Aleksander Barkov wins face-off versus Scott Laughton in Vancouver Canucks zone.
8:09 of 2nd period - Clayton Keller is hit by Scott Laughton and loses puck.
9:25 of 2nd period - Icing by Taylor Raddysh.
9:26 of 2nd period - Scott Laughton wins face-off versus Jesperi Kotkaniemi in Vancouver Canucks zone.
9:29 of 2nd period - Slapshot by Troy Terry.
9:29 of 2nd period - Shot Misses the Net.
9:31 of 2nd period - Slapshot by Cody Ceci.
9:31 of 2nd period - Deflect By Troy Terry.
9:31 of 2nd period - Shot Blocked by Jesperi Kotkaniemi.
9:31 of 2nd period - Puck is out of play.
9:32 of 2nd period - Aleksander Barkov wins face-off versus Scott Laughton in Vancouver Canucks zone.
9:47 of 2nd period - Snap shot by Aleksander Barkov.
9:47 of 2nd period - Stopped by Frederik Andersen without a rebound.
9:48 of 2nd period - Sam Bennett wins face-off versus Robby Fabbri in Toronto Maple Leafs zone.
10:15 of 2nd period - Aleksander Barkov is hit by Trevor Zegras and loses puck.
10:44 of 2nd period - Wrist shot by Nino Niederreiter.
10:44 of 2nd period - Stopped by Joonas Korpisalo without a rebound.
10:45 of 2nd period - Kasperi Kapanen wins face-off versus Andrew Mangiapane in Vancouver Canucks zone.
11:12 of 2nd period - Ryan Pulock is hit by Mikko Rantanen.
11:38 of 2nd period - Snap shot by Taylor Raddysh.
11:38 of 2nd period - Shot Misses the Net.
11:40 of 2nd period - Slapshot by Casey Mittelstadt.
11:40 of 2nd period - Stopped by Frederik Andersen without a rebound.
11:41 of 2nd period - Robby Fabbri wins face-off versus Nick Bjugstad in Toronto Maple Leafs zone.
11:52 of 2nd period - Wrist shot by Artturi Lehkonen.
11:52 of 2nd period - Stopped by Frederik Andersen with a rebound.
11:54 of 2nd period - Slapshot by Noah Hanifin.
11:54 of 2nd period - Shot Blocked by Nino Niederreiter.
12:28 of 2nd period - Slapshot by Scott Laughton.
12:28 of 2nd period - Shot Blocked by Noah Cates.
12:48 of 2nd period - Jesperi Kotkaniemi is hit by Luke Schenn and loses puck.
13:01 of 2nd period - Slapshot by Adam Boqvist.
13:01 of 2nd period - Shot Blocked by Mario Ferraro.
13:03 of 2nd period - Slapshot by Jacob Bryson.
13:03 of 2nd period - Shot Misses the Net.
13:05 of 2nd period - Wrist shot by Sam Lafferty.
13:05 of 2nd period - Goal by Sam Lafferty - Toronto Maple Leafs : 2 - Vancouver Canucks : 1.
13:06 of 2nd period - Aleksander Barkov wins face-off versus Sam Bennett in neutral zone.
13:13 of 2nd period - Wrist shot by Mikko Rantanen.
13:13 of 2nd period - Stopped by Frederik Andersen without a rebound.
13:14 of 2nd period - Sam Bennett wins face-off versus Aleksander Barkov in Toronto Maple Leafs zone.
13:14 of 2nd period - Sam Bennett is hit by Miro Heiskanen.
13:17 of 2nd period - Icing by Brady Tkachuk.
13:18 of 2nd period - Aleksander Barkov wins face-off versus Sam Bennett in Toronto Maple Leafs zone.
13:43 of 2nd period - Snap shot by Brady Tkachuk.
13:43 of 2nd period - Stopped by Joonas Korpisalo without a rebound.
13:44 of 2nd period - Robby Fabbri wins face-off versus Scott Laughton in Vancouver Canucks zone.
13:46 of 2nd period - Minor Penalty to Olli Maatta for Elbowing.
13:47 of 2nd period - Sam Bennett wins face-off versus Sam Lafferty in Vancouver Canucks zone.
13:47 of 2nd period - Snap shot by Brady Tkachuk.
13:47 of 2nd period - Goal by Brady Tkachuk - Toronto Maple Leafs : 3 - Vancouver Canucks : 1.
13:48 of 2nd period - Aleksander Barkov wins face-off versus Sam Bennett in neutral zone.
13:56 of 2nd period - Snap shot by Aleksander Barkov.
13:56 of 2nd period - Stopped by Frederik Andersen with a rebound.
13:58 of 2nd period - Slapshot by Olli Maatta.
13:58 of 2nd period - Deflect By Clayton Keller.
13:58 of 2nd period - Stopped by Frederik Andersen without a rebound.
13:59 of 2nd period - Aleksander Barkov wins face-off versus Sam Bennett in Toronto Maple Leafs zone.
14:26 of 2nd period - Robby Fabbri is hit by Scott Laughton.
14:30 of 2nd period - Slapshot by Artturi Lehkonen.
14:30 of 2nd period - Deflect By Troy Terry.
14:30 of 2nd period - Goal by Artturi Lehkonen - Toronto Maple Leafs : 3 - Vancouver Canucks : 2.
14:31 of 2nd period - Aleksander Barkov wins face-off versus Sam Bennett in neutral zone.
14:44 of 2nd period - Wrist shot by Clayton Keller.
14:44 of 2nd period - Shot Blocked by Aaron Ekblad.
14:46 of 2nd period - Backhand shot by Adam Boqvist.
14:46 of 2nd period - Stopped by Frederik Andersen without a rebound.
14:47 of 2nd period - Robby Fabbri wins face-off versus Scott Laughton in Toronto Maple Leafs zone.
14:48 of 2nd period - Wrist shot by Artturi Lehkonen.
14:48 of 2nd period - Shot Misses the Net.
15:14 of 2nd period - Clayton Keller is hit by Kyle Okposo and loses puck.
15:21 of 2nd period - Ryan Pulock is hit by Mikko Rantanen and loses puck.
16:37 of 2nd period - Slapshot by Brady Tkachuk.
16:37 of 2nd period - Shot Misses the Net.
16:39 of 2nd period - Snap shot by Luke Schenn.
16:39 of 2nd period - Shot Blocked by Miro Heiskanen.
16:41 of 2nd period - Slapshot by Luke Schenn.
16:41 of 2nd period - Deflect By Sam Bennett.
16:41 of 2nd period - Deflect By Adam Boqvist.
16:41 of 2nd period - Shot Blocked by Noah Cates.
16:41 of 2nd period - Puck is out of play.
16:42 of 2nd period - Aleksander Barkov wins face-off versus Sam Bennett in Vancouver Canucks zone.
16:47 of 2nd period - Snap shot by Mikko Rantanen.
16:47 of 2nd period - Stopped by Frederik Andersen with a rebound.
16:57 of 2nd period - Noah Hanifin is hit by Brandon Saad and loses puck.
17:08 of 2nd period - Snap shot by Sam Bennett.
17:08 of 2nd period - Stopped by Joonas Korpisalo without a rebound.
17:09 of 2nd period - Scott Laughton wins face-off versus Artturi Lehkonen in Vancouver Canucks zone.
17:16 of 2nd period - Snap shot by Troy Terry.
17:16 of 2nd period - Deflect By Trevor Zegras.
17:16 of 2nd period - Shot Blocked by Miro Heiskanen.
17:16 of 2nd period - Puck is out of play.
17:17 of 2nd period - Scott Laughton wins face-off versus Artturi Lehkonen in Vancouver Canucks zone.
17:18 of 2nd period - Slapshot by Troy Terry.
17:18 of 2nd period - Shot Misses the Net.
19:13 of 2nd period - Luke Schenn is hit by Aleksander Barkov and loses puck.
19:17 of 2nd period - Icing by Trevor Zegras.
19:18 of 2nd period - Scott Laughton wins face-off versus Robby Fabbri in Toronto Maple Leafs zone.
19:31 of 2nd period - Wrist shot by Troy Terry.
19:31 of 2nd period - Stopped by Joonas Korpisalo with a rebound.
19:35 of 2nd period - Wrist shot by Troy Terry.
19:35 of 2nd period - Shot Blocked by Noah Hanifin.
19:37 of 2nd period - Snap shot by Troy Terry.
19:37 of 2nd period - Shot Misses the Net.
19:39 of 2nd period - Snap shot by Bowen Byram.
19:39 of 2nd period - Stopped by Joonas Korpisalo with a rebound.
Goals for this period are 1 for Toronto Maple Leafs vs 2 for Vancouver Canucks.
Shots for this period are 19 for Toronto Maple Leafs vs 16 for Vancouver Canucks.
3rd period
0:01 of 3rd period - Aleksander Barkov wins face-off versus Sam Bennett in neutral zone.
0:29 of 3rd period - Robby Fabbri is hit by Aaron Ekblad and loses puck.
1:29 of 3rd period - Jacob Bryson is hit by Brady Tkachuk and loses puck.
1:48 of 3rd period - Snap shot by Trevor Zegras.
1:48 of 3rd period - Shot Blocked by Robby Fabbri.
2:09 of 3rd period - Noah Hanifin is hit by Luke Schenn and loses puck.
2:40 of 3rd period - Snap shot by Aleksander Barkov.
2:40 of 3rd period - Shot Misses the Net.
2:59 of 3rd period - Bowen Byram is hit by Mikko Rantanen and loses puck.
3:53 of 3rd period - Anton Lundell is hit by Aaron Ekblad and loses puck.
3:58 of 3rd period - Snap shot by Nino Niederreiter.
3:58 of 3rd period - Shot Misses the Net.
4:04 of 3rd period - Snap shot by Warren Foegele.
4:04 of 3rd period - Shot Blocked by Miro Heiskanen.
4:23 of 3rd period - Jacob Bryson is hit by Brandon Saad and loses puck.
4:34 of 3rd period - Mario Ferraro is hit by Artturi Lehkonen and loses puck.
4:45 of 3rd period - Artturi Lehkonen is hit by Aaron Ekblad and loses puck.
5:22 of 3rd period - Wrist shot by Casey Mittelstadt.
5:22 of 3rd period - Shot Blocked by Kyle Okposo.
5:24 of 3rd period - Snap shot by Jesperi Kotkaniemi.
5:24 of 3rd period - Stopped by Frederik Andersen with a rebound.
5:26 of 3rd period - Snap shot by Taylor Raddysh.
5:26 of 3rd period - Stopped by Frederik Andersen with a rebound.
5:30 of 3rd period - Snap shot by Casey Mittelstadt.
5:30 of 3rd period - Shot Misses the Net.
5:49 of 3rd period - Slapshot by Aaron Ekblad.
5:49 of 3rd period - Shot Blocked by Kasperi Kapanen.
5:53 of 3rd period - Snap shot by Nicolas Roy.
5:53 of 3rd period - Stopped by Joonas Korpisalo with a rebound.
5:55 of 3rd period - Snap shot by Nicolas Roy.
5:55 of 3rd period - Stopped by Joonas Korpisalo with a rebound.
5:57 of 3rd period - Snap shot by Kyle Okposo.
5:57 of 3rd period - Stopped by Joonas Korpisalo without a rebound.
5:58 of 3rd period - Aleksander Barkov wins face-off versus Sam Bennett in Vancouver Canucks zone.
6:25 of 3rd period - Robby Fabbri is hit by Trevor Zegras and loses puck.
7:07 of 3rd period - Snap shot by Casey Mittelstadt.
7:07 of 3rd period - Stopped by Frederik Andersen with a rebound.
7:09 of 3rd period - Wrist shot by Anton Lundell.
7:09 of 3rd period - Stopped by Frederik Andersen without a rebound.
7:10 of 3rd period - Sam Bennett wins face-off versus Noah Cates in Toronto Maple Leafs zone.
7:24 of 3rd period - Snap shot by Noah Cates.
7:24 of 3rd period - Stopped by Frederik Andersen with a rebound.
7:26 of 3rd period - Snap shot by Jake Bean.
7:26 of 3rd period - Deflect By Sam Lafferty.
7:26 of 3rd period - Shot Blocked by Sam Bennett.
7:26 of 3rd period - Puck is out of play.
7:27 of 3rd period - Scott Laughton wins face-off versus Aleksander Barkov in Toronto Maple Leafs zone.
8:40 of 3rd period - Anton Lundell is hit by Nino Niederreiter and loses puck.
9:13 of 3rd period - Minor Penalty to Trevor Zegras for Hooking.
9:14 of 3rd period - Jesperi Kotkaniemi wins face-off versus Nick Bjugstad in Toronto Maple Leafs zone.
9:17 of 3rd period - Wrist shot by Clayton Keller.
9:17 of 3rd period - Deflect By Luke Schenn.
9:17 of 3rd period - Shot Misses the Net.
9:17 of 3rd period - Puck is out of play.
9:18 of 3rd period - Jesperi Kotkaniemi wins face-off versus Nick Bjugstad in Toronto Maple Leafs zone.
9:21 of 3rd period - Snap shot by Clayton Keller.
9:21 of 3rd period - Shot Misses the Net.
9:25 of 3rd period - Snap shot by Clayton Keller.
9:25 of 3rd period - Stopped by Frederik Andersen without a rebound.
9:26 of 3rd period - Nick Bjugstad wins face-off versus Jesperi Kotkaniemi in Toronto Maple Leafs zone.
9:26 of 3rd period - Nick Bjugstad is hit by Jesperi Kotkaniemi.
11:02 of 3rd period - Jesperi Kotkaniemi is hit by Nick Bjugstad and loses puck.
11:13 of 3rd period - Penalty to Trevor Zegras is over, Trevor Zegras is back on ice.
11:31 of 3rd period - Slapshot by Brandon Saad.
11:31 of 3rd period - Stopped by Joonas Korpisalo with a rebound.
12:04 of 3rd period - Adam Boqvist is hit by Scott Laughton and loses puck.
12:12 of 3rd period - Icing by Casey Mittelstadt.
12:13 of 3rd period - Sam Bennett wins face-off versus Robby Fabbri in Vancouver Canucks zone.
12:14 of 3rd period - Wrist shot by Brady Tkachuk.
12:14 of 3rd period - Stopped by Joonas Korpisalo without a rebound.
12:15 of 3rd period - Sam Bennett wins face-off versus Robby Fabbri in Vancouver Canucks zone.
12:22 of 3rd period - Wrist shot by Brady Tkachuk.
12:22 of 3rd period - Stopped by Joonas Korpisalo with a rebound.
12:24 of 3rd period - Wrist shot by Brandon Saad.
12:24 of 3rd period - Stopped by Joonas Korpisalo without a rebound.
12:25 of 3rd period - Aleksander Barkov wins face-off versus Sam Bennett in Vancouver Canucks zone.
12:27 of 3rd period - Minor Penalty to Noah Hanifin for Boarding.
12:28 of 3rd period - Sam Lafferty wins face-off versus Sam Bennett in Vancouver Canucks zone.
12:28 of 3rd period - Sam Lafferty is hit by Bowen Byram.
14:27 of 3rd period - Penalty to Noah Hanifin is over, Noah Hanifin is back on ice.
14:47 of 3rd period - Slapshot by Kyle Okposo.
14:47 of 3rd period - Shot Blocked by Miro Heiskanen.
14:53 of 3rd period - Minor Penalty to Robby Fabbri for Roughing.
14:54 of 3rd period - Sam Lafferty wins face-off versus Sam Bennett in Vancouver Canucks zone.
16:00 of 3rd period - Brady Tkachuk is hit by Miro Heiskanen and loses puck.
16:41 of 3rd period - Icing by Sam Bennett.
16:42 of 3rd period - Sam Bennett wins face-off versus Sam Lafferty in Toronto Maple Leafs zone.
16:53 of 3rd period - Penalty to Robby Fabbri is over, Robby Fabbri is back on ice.
19:02 of 3rd period - Wrist shot by Scott Laughton.
19:02 of 3rd period - Stopped by Joonas Korpisalo without a rebound.
19:03 of 3rd period - Jeremy Colliton call a timeout for Vancouver Canucks.
19:03 of 3rd period - Nick Bjugstad wins face-off versus Anton Lundell in Vancouver Canucks zone.
19:14 of 3rd period - Vancouver Canucks, Joonas Korpisalo is pulled from the net.
19:17 of 3rd period - Slapshot by Anton Lundell.
19:17 of 3rd period - Shot Blocked by Nicolas Roy.
19:19 of 3rd period - Snap shot by Clayton Keller.
19:19 of 3rd period - Shot Misses the Net.
19:21 of 3rd period - Slapshot by Miro Heiskanen.
19:21 of 3rd period - Shot Blocked by Aaron Ekblad.
19:23 of 3rd period - Snap shot by Mikko Rantanen.
19:23 of 3rd period - Shot Blocked by Cody Ceci.
19:25 of 3rd period - Wrist shot by Mikko Rantanen.
19:25 of 3rd period - Shot Misses the Net.
19:27 of 3rd period - Wrist shot by Anton Lundell.
19:27 of 3rd period - Goal by Anton Lundell - Toronto Maple Leafs : 3 - Vancouver Canucks : 3.
19:27 of 3rd period - Joonas Korpisalo from Vancouver Canucks was sent back in the game.
19:28 of 3rd period - Nicolas Roy wins face-off versus Jesperi Kotkaniemi in neutral zone.
Goals for this period are 0 for Toronto Maple Leafs vs 1 for Vancouver Canucks.
Shots for this period are 8 for Toronto Maple Leafs vs 7 for Vancouver Canucks.
Overtime #1
0:01 of 1st overtime period - Clayton Keller wins face-off versus Troy Terry in neutral zone.
0:06 of 1st overtime period - Snap shot by Mikko Rantanen.
0:06 of 1st overtime period - Shot Blocked by Ryan Pulock.
0:12 of 1st overtime period - Snap shot by Scott Laughton.
0:12 of 1st overtime period - Stopped by Joonas Korpisalo with a rebound.
0:14 of 1st overtime period - Slapshot by Ryan Pulock.
0:14 of 1st overtime period - Stopped by Joonas Korpisalo without a rebound.
0:15 of 1st overtime period - Scott Laughton wins face-off versus Clayton Keller in Vancouver Canucks zone.
1:28 of 1st overtime period - Snap shot by Andrew Mangiapane.
1:28 of 1st overtime period - Stopped by Joonas Korpisalo without a rebound.
1:29 of 1st overtime period - Artturi Lehkonen wins face-off versus Andrew Mangiapane in Vancouver Canucks zone.
1:40 of 1st overtime period - Wrist shot by Nino Niederreiter.
1:40 of 1st overtime period - Deflect By Andrew Mangiapane.
1:40 of 1st overtime period - Shot Blocked by Noah Hanifin.
1:40 of 1st overtime period - Puck is out of play.
1:41 of 1st overtime period - Scott Laughton wins face-off versus Clayton Keller in Vancouver Canucks zone.
1:54 of 1st overtime period - Snap shot by Mikko Rantanen.
1:54 of 1st overtime period - Shot Misses the Net.
1:56 of 1st overtime period - Wrist shot by Mikko Rantanen.
1:56 of 1st overtime period - Goal by Mikko Rantanen - Toronto Maple Leafs : 3 - Vancouver Canucks : 4.
Goals for this period are 0 for Toronto Maple Leafs vs 1 for Vancouver Canucks.
Shots for this period are 3 for Toronto Maple Leafs vs 1 for Vancouver Canucks.
Back to the Top